 Dungeon Crawl Stone Soup version 0.26-a0-660-gc07710193c (webtiles) character file.

Game seed: 10722122731933479546

145 lunkers the Covert (level 5, -7/32 HPs)
             Began as a Kobold Delver on Oct 6, 2020.
             Killed by divine providence
             ... invoked by an orc priest
              (9 damage)
             ... on level 2 of the Dungeon.
             The game lasted 00:05:21 (2105 turns).

lunkers the Covert (Kobold Delver)                  Turns: 2105, Time: 00:05:22

Health: -7/32      AC:  6    Str:  9    XL:     5   Next: 53%
Magic:  0/5        EV: 14    Int: 12    God:
Gold:   101        SH:  0    Dex: 17    Spells: 4/4 levels left

rFire    . . .     SeeInvis .   t - +2 short sword (speed)
rCold    . . .     Faith    .   (shield restricted)
rNeg     . . .     Spirit   +   b - +0 leather armour
rPois    .         Reflect  .   p - +1 helmet
rElec    .         Harm     .   (no cloak)
rCorr    .         Rampage  .   s - +0 pair of gloves
MR       .....                  (no boots)
Stlth    +++++.....             m - amulet of guardian spirit
HPRegen  0.10/turn              (no ring)
MPRegen  0.09/turn              (no ring)

@: no status effects
A: small, nightstalker 3
a: no special abilities


You were on level 2 of the Dungeon.
You visited 1 branch of the dungeon, and saw 5 of its levels.

You collected 101 gold pieces.

Inventory:

Hand Weapons
 a - a +0 short sword
 t - a +2 short sword of speed (weapon)
Missiles
 w - a throwing net {=f}
Armour
 b - a +0 leather armour (worn)
 p - a +1 helmet (worn)
 s - a +0 pair of gloves (worn)
Jewellery
 i - an uncursed ring of fire
 m - an amulet of guardian spirit (around neck)
 y - an uncursed ring of see invisible
Wands
 g - a wand of digging (3)
Scrolls
 c - 2 scrolls of fog
 d - a scroll of magic mapping
 e - a scroll of fear
 h - a scroll of blinking {unknown}
 j - a scroll of enchant armour {unknown}
 l - a scroll of identify {unknown}
 o - 2 scrolls of teleportation {unknown}
 q - a scroll of random uselessness {unknown}
 z - a scroll of remove curse {unknown}
Potions
 f - a potion of haste
 k - a potion of mutation {unknown}
 n - a potion of magic {unknown}
 r - a potion of stabbing {unknown}
 u - a potion of ambrosia {unknown}
 v - a potion of brilliance {unknown}
 x - a potion of lignification {unknown}


   Skills:
 - Level 3.2 Fighting
 + Level 5.3 Short Blades
 - Level 2.4 Dodging
 + Level 8.3 Stealth


You had 4 spell levels left.
You didn't know any spells.
Your spell library was empty.

Dungeon Overview and Level Annotations

Branches:
Dungeon (5/15)
 Temple: D:4-7

Altars:


Innate Abilities, Weirdness & Mutations

You are small and have problems with some larger weapons.
You are completely attuned to the shadows.


Message History

You hit the orc priest but do no damage.
The orc priest is almost dead.
The orc priest hits you but does no damage.
You closely miss the orc priest.
The orc priest is almost dead.
The orc priest miscasts a cantrip.
You hit the orc priest but do no damage.
The orc priest is almost dead.
The orc priest completely misses you.
You barely miss the orc priest.
The orc priest is almost dead.
You barely miss the orc priest.
The orc priest is almost dead.
The orc priest barely misses you.
You hit the orc priest but do no damage.
The orc priest is almost dead.
You feel yourself speed up.
The orc priest mumbles some strange prayers to Beogh against you.
Beogh smites you!
You die...

############### #.............##
####.#######......###
#......#####.†)...#..
#......##.........#..
#..o@[..+............
##......##............
#.......###..##.......
#...............÷..)..
#.......####.##.......
###########.............##......
#(........#...........#.##......
#.........#...........#..#......
#.........#####.......##.#....##


You could see an orc priest.

Vanquished Creatures
  A worker ant (D:5)
  4 gnolls (D:2)
  2 adders (D:2)
  2 worms (D:2)
  A dart slug (D:2)
  2 orcs
  A ball python (D:2)
  4 giant cockroaches
  7 goblins
  5 hobgoblins
  A quokka (D:2)
  7 bats
  7 frilled lizards
  9 kobolds
  3 rats
56 creatures vanquished.

Notes
Turn   | Place    | Note
-------+----------+-------------------------------------------
     0 | D:5      | lunkers the Kobold Delver began the quest for the Orb.
     0 | D:5      | Reached XP level 1. HP: 14/14 MP: 1/1
    67 | D:5      | Noticed a worker ant
    71 | D:5      | Killed a worker ant
    71 | D:5      | Reached skill level 7 in Stealth
    71 | D:5      | Reached XP level 2. HP: 19/19 MP: 2/2
    71 | D:5      | Reached XP level 3. HP: 23/23 MP: 3/3
   392 | D:1      | You fall into a shaft and drop 1 floor!
   463 | D:2      | Reached XP level 4. HP: 27/28 MP: 4/4
   707 | D:1      | Noticed a tengu
   707 | D:1      | Noticed a felid
   709 | D:1      | Noticed a demonspawn
   709 | D:1      | Noticed an elf
   711 | D:1      | Noticed a spriggan
   711 | D:1      | Noticed a dwarf
   713 | D:1      | Noticed a centaur
   713 | D:1      | Noticed a vine stalker
   715 | D:1      | Noticed a gargoyle
   717 | D:1      | Noticed a formicid
   719 | D:1      | Noticed a vampire
   719 | D:1      | Noticed a ghoul
   721 | D:1      | Noticed a minotaur
   721 | D:1      | Noticed a naga
   723 | D:1      | Noticed an octopode
   723 | D:1      | Noticed an ogre
   725 | D:1      | Noticed a human
   729 | D:1      | Noticed a troll
   729 | D:1      | Noticed a demigod
   731 | D:1      | Noticed a merfolk
   731 | D:1      | Noticed a draconian
  1542 | D:2      | Reached skill level 8 in Stealth
  1586 | D:2      | Reached XP level 5. HP: 32/32 MP: 5/5
  1609 | D:2      | Reached skill level 5 in Short Blades
  2098 | D:2      | HP: 1/32 [orc priest/+0 hand axe (2)]
  2105 | D:2      | Killed from afar by an orc priest

Illustrated notes

Levels and vault maps discovered:
D:1:      kb_arrival_jail, layout_basic
D:2:      layout_basic
D:3:      layout_loops_ring, chequers_ecumenical_altar_simple_redux
D:4:      layout_basic, portal_sewer_entry_e, kennysheep_boxes, uniq_edmund,
          uniq_menkaure
D:5:      kennysheep_kobold_camp, layout_basic, minmay_temple_entry_overgrown

Skill      XL: |  1  2  3  4  5 |
---------------+----------------+-----
Short Blades   | 3 4 5 |  5.3
Stealth        | 7 8 |  8.3
Fighting       | |  3.2
Dodging        | |  2.4

Action                   |  1- 3 |  4- 6 || total
-------------------------+-------+-------++-------
Melee: Short sword       |    23 |   154 ||   177
  Use: Scroll            |       |     1 ||     1
 Stab: Sleeping          |     9 |    19 ||    28
       Distracted        |     1 |       ||     1
Armor: Leather armour    |     1 |    21 ||    22
Dodge: Dodged            |    11 |    79 ||    90

Table legend: (Time is in decaauts)
 A = Elapsed time spent in this place.
 B = Non-inter-level travel time spent in this place.
 C = Inter-level travel time spent in this place.
 D = Time resting spent in this place.
 E = Time spent auto-exploring this place.
 F = Levels seen in this place.
 G = Mean time per level.
                   A        B        C        D        E       F      G
               +--------+--------+--------+--------+--------+-----+--------+
         Total |   2058 |   2017 |     41 |    190 |   1309 |   5 |  411.6 |
       Dungeon |   2058 |   2017 |     41 |    190 |   1309 |   5 |  411.6 |
               +--------+--------+--------+--------+--------+-----+--------+

Top non-repeatable levels by time:
     D:2: 958 daAuts
     D:1: 787 daAuts
     D:5: 152 daAuts
     D:3: 141 daAuts
     D:4: 18 daAuts
